 Dungeon Crawl Stone Soup version 0.27-a0-720-g3f424a255b (webtiles) character file.

Game seed: 7035397685593968585

2 PentaManta the Skirmisher (level 1, 22/22 HPs)
             Began as a Troll Abyssal Knight on Mar 23, 2021.
             Was an Initiate of Lugonu.
             Got out of the dungeon alive.
             The game lasted 00:00:25 (134 turns).

PentaManta the Skirmisher (Troll Abyssal Knight)     Turns: 134, Time: 00:00:25

Health: 22/22      AC:  4    Str: 19    XL:     1   Next: 33%
Magic:  1/1        EV:  9    Int:  8    God:    Lugonu [......]
Gold:   0          SH:  0    Dex:  9    Spells: 0/0 levels left

rFire    . . .     SeeInvis .     - Unarmed
rCold    . . .     Faith    .   (no shield)
rNeg     . . .     Spirit   .   a - +0 robe
rPois    .         Reflect  .   (helmet restricted)
rElec    .         Harm     .   (no cloak)
rCorr    .         Rampage  .   (gloves unavailable)
Will     .....                  (boots unavailable)
Stlth    +.........             (no amulet)
HPRegen  1.07/turn              (no ring)
MPRegen  0.07/turn              (no ring)

@: no status effects
A: large, unfitting armour, claws 3, regeneration 1, shaggy fur 1, tough skin 1
a: Renounce Religion


You escaped.
You worshipped Lugonu.
Lugonu was noncommittal.
You visited 1 branch of the dungeon, and saw 1 of its levels.
You visited the Abyss 1 time.

Inventory:

Armour
 a - a +0 robe (worn)
Potions
 b - a potion of berserk rage {unknown}


   Skills:
 + Level 2.4 Fighting
 + Level 1.9 Dodging
 + Level 2.0 Unarmed Combat
 + Level 1.6 Invocations


You couldn't memorise any spells.
You didn't know any spells.
Your spell library was empty.

Dungeon Overview and Level Annotations

Branches:
Dungeon (1/15)

Altars:


Innate Abilities, Weirdness & Mutations

You are too large for most types of armour.
You have claws for hands.
Your natural rate of healing is unusually fast.
You are covered in fur. (AC +1)
You have tough skin. (AC +1)


Message History

You see here a grey potion.
b - a grey potion The ufetubus shouts!
You pass through the gate.
You can no longer depart the Abyss at will.
There is a staircase leading out of the dungeon here.
It was a potion of attraction.
You feel attractive to monsters.
Magic restored.
Found 28 sling bullets.
You see here 28 sling bullets.
Found an escape hatch in the floor.
Found 23 stones.
You feel less attractive to monsters.
b - a purple potion A goblin comes into view.
It is wielding a +0 club.
The goblin shouts!
A hobgoblin comes into view.
There are monsters nearby!
There are monsters nearby!
There are monsters nearby!
The hobgoblin shouts!
The goblin hits you with a +0 club.
You claw the goblin!
You kill the goblin!
Lugonu accepts your kill.
You scratch the hobgoblin.
The hobgoblin is almost dead.
The hobgoblin barely misses you.
You claw the hobgoblin!
You kill the hobgoblin!
Lugonu accepts your kill.
Things that are here:
a +0 club; a goblin corpse You see here 28 sling bullets.
There is a staircase leading out of the dungeon here.
Are you sure you want to leave the Dungeon?
This will make you lose the game!
Alright, then stay!
Are you sure you want to leave the Dungeon?
This will make you lose the game!
You have escaped!

## ##.# #.... ##### .....
... #....## #.#######
#......##.#.....#
##...............#
#........#####(..#
#........#..@#...# ###
#........#.#.....# ..#
#.#..#####.#.#####.# .#.#
#....).....#.....#.# ...##
....#.#####..#...#>..#......
# # #..#...#####...#
#..#...........#
#..#..(..#.#.#.#
##.#######.#


There were no monsters in sight!

Vanquished Creatures
  A goblin (D:1)
  A hobgoblin (D:1)
2 creatures vanquished.

Notes
Turn   | Place    | Note
-------+----------+-------------------------------------------
     0 | Abyss:1  | PentaManta the Troll Abyssal Knight began the quest for the
                  | Orb.
     0 | Abyss:1  | Reached XP level 1. HP: 22/22 MP: 1/1
    56 | Abyss:1  | Noticed a smoke demon
    59 | D:1      | Escaped the Abyss
   134 | D:$      | Got out of the dungeon alive.

Illustrated notes

Levels and vault maps discovered:
D:1:      ebering_trefoil_twist, layout_loops_corners

Action                   || total
-------------------------++-------
Melee: Unarmed           ||     3
Invok: Depart the Abyss  ||     1
  Use: Potion            ||     1
Dodge: Dodged            ||     1

Table legend: (Time is in decaauts)
 A = Elapsed time spent in this place.
 B = Non-inter-level travel time spent in this place.
 C = Inter-level travel time spent in this place.
 D = Time resting spent in this place.
 E = Time spent auto-exploring this place.
 F = Levels seen in this place.
 G = Mean time per level.
                   A        B        C        D        E       F      G
               +--------+--------+--------+--------+--------+-----+--------+
         Total |    133 |    114 |     19 |      0 |    100 |   2 |   66.5 |
       Dungeon |     74 |     55 |     19 |      0 |     44 |   1 |   74.0 |
         Abyss |     59 |     59 |      0 |      0 |     56 |   1 |   59.0 |
               +--------+--------+--------+--------+--------+-----+--------+

Top non-repeatable levels by time:
     D:1: 74 daAuts
 Abyss:1: 59 daAuts
